 Dungeon Sprint DCSS version 0.28-a0-1312-g71652a0310 (webtiles) character file.

Game seed: 17332632467402962845

401 rocky1 the Protected (level 6, -6/93 HPs)
             Began as a Minotaur Fighter on Dec 28, 2021.
             Was a Believer of Okawaru.
             Mangled by a ten-headed hydra (7 damage)
             ... in the Dungeon (Sprint VII: "The Pits").
             The game lasted 00:04:14 (1071 turns).

rocky1 the Protected (Minotaur Fighter)             Turns: 1071, Time: 00:04:15

Health: -6/93      AC: 10    Str: 21    XL:     6   Next: 54%
Magic:  3/5        EV: 13    Int:  7    God:    Okawaru [**....]
Gold:   0          SH:  6    Dex:  9    Spells: 5/5 levels left

rFire   + . .      SeeInvis .   b - +2 long sword (holy)
rCold   . . .      Faith    .   c - +0 buckler
rNeg    . . .      Spirit   .   o - +2 ring mail {rF+}
rPois   .          Reflect  .   (helmet restricted)
rElec   .          Harm     .   (no cloak)
rCorr   .          Rampage  .   (no gloves)
Will    .....      NoTele   +   (no boots)
Stlth   ..........              (no amulet)
HPRegen 0.25/turn               (no ring)
MPRegen 0.09/turn               (no ring)

@: berserking, heroic, very quick
A: horns 2, retaliatory headbutt
a: Renounce Religion, Heroism


You were in the Dungeon.
You worshipped Okawaru.
Okawaru was pleased with you.
You visited 1 branch

Inventory:

Hand Weapons
 a - a +0 long sword
 b - a +2 long sword of holy wrath (weapon)
Armour
 c - a +0 buckler (worn)
 m - a +3 chain mail
 o - a +2 ring mail of fire resistance (worn)
Wands
 n - a wand of flame (15)
Scrolls
 j - a scroll of blinking
 l - 5 scrolls of amnesia
Potions
 d - a potion of might
 e - 6 potions of curing
 f - 4 potions of heal wounds
 g - a potion of haste
 h - 4 potions of magic
 k - 2 potions of invisibility


   Skills:
 - Level 8.6(13.6) Fighting
 + Level 9.4(14.4) Long Blades
 - Level 10.2(15.2) Armour
 - Level 1.8(6.8) Dodging
 - Level 7.8(12.8) Shields
 + Level 0.0 Invocations


You had 5 spell levels left.
You didn't know any spells.
Your spell library was empty.

Dungeon Overview and Level Annotations

Branches:
Dungeon (1/1)

Altars:
Ashenzari
Cheibriados
Dithmenos
Elyvilon
Fedhas
Gozag
Hepliaklqana
Kikubaaqudgha
Makhleb
Nemelex Xobeh
Okawaru
Qazlal
Ru
Sif Muna
Trog
Uskayaw
Vehumet
Wu Jian
Xom
Yredelemnul
Zin
The Shining One
Beogh
Jiyva
Lugonu


Innate Abilities, Weirdness & Mutations

You have a pair of horns on your head.
You reflexively headbutt those who attack you in melee.


Message History

Unknown command.
Okay, then.
Okay, then.
A red film seems to cover your vision as you go berserk!
You feel yourself moving faster!
You feel mighty! The seven-headed hydra bites you!
The seven-headed hydra bites you.
The seven-headed hydra closely misses you.
The seven-headed hydra completely misses you.
The seven-headed hydra bites you! x2; The seven-headed hydra bites you.
You chop one of the seven-headed hydra's heads off!
The six-headed hydra grows two more!
You slash the eight-headed hydra!
The eight-headed hydra is moderately wounded.
The eight-headed hydra bites you but does no damage.
The eight-headed hydra closely misses you. x2
You block the eight-headed hydra's attack.
The eight-headed hydra bites you!
The eight-headed hydra bites you but does no damage.
The eight-headed hydra barely misses you.
The eight-headed hydra bites you!
You lop one of the eight-headed hydra's heads off!
The seven-headed hydra grows two more!
You slash the nine-headed hydra!
The nine-headed hydra is lightly wounded.
You lop one of the nine-headed hydra's heads off!
The eight-headed hydra grows two more!
You hit the ten-headed hydra. You headbutt the ten-headed hydra!
The ten-headed hydra is lightly wounded.
The ten-headed hydra bites you but does no damage.
The ten-headed hydra bites you.
* * * LOW HITPOINT WARNING * * *
You block the ten-headed hydra's attack.
The ten-headed hydra bites you!
* * * LOW HITPOINT WARNING * * *
The ten-headed hydra bites you.
* * * LOW HITPOINT WARNING * * *
The ten-headed hydra bites you!
* * * LOW HITPOINT WARNING * * *
You block the ten-headed hydra's attack.
The ten-headed hydra bites you but does no damage.
The ten-headed hydra bites you!
You die...

#.#..#[))).##.......#
#'###########.......#
#.).....# #########
#)###...# #.#.....#
#.#...#.#+#
#.....#.#.+
#...###.#D#
#.......†@#
###########


You could see a ten-headed hydra.

Vanquished Creatures
  Duvessa (D)
  A black bear (D)
  A scorpion (D)
  Dowan (D)
  A gnoll shaman (D)
  An adder (D)
  3 gnolls (D)
  A river rat (D)
  An adder zombie (D)
  A worm (D)
  2 orcs (D)
  3 jackals (D)
  A kobold (D)
  2 quokkas (D)
  A ball python (D)
  A ball python zombie (D)
22 creatures vanquished.

Notes
Turn   | Place    | Note
-------+----------+-------------------------------------------
     0 | D        | rocky1 the Minotaur Fighter began the quest for the Orb.
     0 | D        | Reached XP level 1. HP: 19/19 MP: 0/0
    18 | D        | Found a bloodstained altar of Trog.
    18 | D        | Found a shimmering blue altar of Sif Muna.
    18 | D        | Found a viscous altar of Jiyva.
    18 | D        | Found a hazy altar of Hepliaklqana.
    18 | D        | Found an opulent altar of Gozag.
    19 | D        | Found a glowing golden altar of the Shining One.
    19 | D        | Found a glowing silver altar of Zin.
    19 | D        | Found a basalt altar of Yredelemnul.
    19 | D        | Found a shimmering altar of Xom.
    19 | D        | Found an ornate altar of the Wu Jian Council.
    19 | D        | Found a sacrificial altar of Ru.
    19 | D        | Found a stormy altar of Qazlal.
    19 | D        | Found an iron altar of Okawaru.
    19 | D        | Found a sparkling altar of Nemelex Xobeh.
    19 | D        | Found a burning altar of Makhleb.
    19 | D        | Found a blossoming altar of Fedhas.
    19 | D        | Found a white marble altar of Elyvilon.
    19 | D        | Found a shadowy altar of Dithmenos.
    19 | D        | Found a snail-covered altar of Cheibriados.
    21 | D        | Found a radiant altar of Vehumet.
    21 | D        | Found a corrupted altar of Lugonu.
    22 | D        | Found a hide-covered altar of Uskayaw.
    22 | D        | Found an ancient bone altar of Kikubaaqudgha.
    22 | D        | Found a broken altar of Ashenzari.
    29 | D        | Became a worshipper of Warmaster Okawaru
    69 | D        | Reached skill level 4 in Armour
    83 | D        | Noticed a scorpion
    87 | D        | Killed a scorpion
    88 | D        | Reached skill level 6 in Armour
    88 | D        | Reached XP level 2. HP: 30/30 MP: 1/1
    88 | D        | Reached XP level 3. HP: 37/37 MP: 2/2
    90 | D        | Reached XP level 4. HP: 44/44 MP: 3/3
   843 | D        | Noticed Duvessa
   849 | D        | Noticed a black bear
   855 | D        | Reached skill level 7 in Armour
   866 | D        | Reached * piety under Okawaru
   867 | D        | Reached skill level 5 in Long Blades
   867 | D        | Reached XP level 5. HP: 17/52 MP: 4/4
   870 | D        | Killed a black bear
   871 | D        | Reached skill level 8 in Armour
   871 | D        | Reached skill level 1 in Dodging
   875 | D        | Reached skill level 9 in Armour
   877 | D        | Noticed Dowan
   893 | D        | Killed Duvessa
   894 | D        | Reached XP level 6. HP: 31/62 MP: 5/5
   897 | D        | Killed Dowan
   897 | D        | Reached ** piety under Okawaru
   898 | D        | Reached skill level 10 in Armour
  1065 | D        | Noticed a five-headed hydra
  1071 | D        | HP: 1/93 [ten-headed hydra (13)]
  1071 | D        | Mangled by a ten-headed hydra

Illustrated notes

Levels and vault maps discovered:
D:        pitsprint [storerooms_1, entrance_room_1, metal_vault_1, armoury_3,
          mini_pit_1, grid_room_1, main_hall_1, silver_pit, the_coven_1,
          the_vestibule_1, steel_vault_5, golden_pit, hallway_of_sentries,
          crystal_vault_2, iron_vault_4, final_vault]

Skill      XL: |  1  2  3  4  5  6 |
---------------+-------------------+-----
Fighting       | 6 7 8 |  8.6
Armour         | 6 7 9 10 | 10.2
Shields        | 6 7 |  7.8
Long Blades    | 4 5 8 9 |  9.4
Dodging        | 1 |  1.8

Action                   |  1- 3 |  4- 6 || total
-------------------------+-------+-------++-------
Melee: Long sword        |     8 |    73 ||    81
       Headbutt          |     5 |    14 ||    19
Invok: Heroism           |       |     1 ||     1
  Use: Potion            |     1 |     4 ||     5
Armor: Scale mail        |     3 |     6 ||     9
       Chain mail        |       |    25 ||    25
       Ring mail         |       |     6 ||     6
Dodge: Dodged            |     1 |    38 ||    39
Block: Buckler           |       |    22 ||    22

Table legend: (Time is in decaauts)
 A = Elapsed time spent in this place.
 B = Non-inter-level travel time spent in this place.
 C = Inter-level travel time spent in this place.
 D = Time resting spent in this place.
 E = Time spent auto-exploring this place.
 F = Levels seen in this place.
 G = Mean time per level.
                   A        B        C        D        E       F      G
               +--------+--------+--------+--------+--------+-----+--------+
         Total |   1093 |   1077 |     16 |    798 |      0 |   1 | 1093.0 |
       Dungeon |   1093 |   1077 |     16 |    798 |      0 |   1 | 1093.0 |
               +--------+--------+--------+--------+--------+-----+--------+

Top non-repeatable levels by time:
       D: 1093 daAuts
